 Dungeon Crawl Stone Soup version 0.28.0-47-ge53b351184 (webtiles) character file.

Game seed: 3937644828293437230

2540 DildoBatman the Destroyer (level 9, 0/66 HPs)
             Began as a Formicid Conjurer on Apr 28, 2022.
             Was a Follower of Kikubaaqudgha.
             Slain by a water moccasin (6 damage)
             ... on level 8 of the Dungeon.
             The game lasted 00:20:31 (7294 turns).

DildoBatman the Destroyer (Formicid Conjurer)       Turns: 7294, Time: 00:20:32

Health: 0/66       AC:  2    Str: 11    XL:     9   Next: 85%
Magic:  8/19       EV: 12    Int: 25    God:    Kikubaaqudgha [*.....]
Gold:   249        SH:  4    Dex: 13    Spells: 17/22 levels left

rFire   . . .      SeeInvis +   a - +0 hunting sling
rCold   . . .      Faith    .   y - +0 buckler
rNeg    . . .      Spirit   .   J - +0 robe
rPois   .          Reflect  .   (helmet unavailable)
rElec   .          Harm     .   (no cloak)
rCorr   +          Rampage  .   (no gloves)
Will    .....                   (no boots)
Stlth   ++........              (no amulet)
HPRegen 0.21/turn               g - ring of resist corrosion
MPRegen 0.16/turn               f - +6 ring of intelligence

@: mighty, lethally poisoned (0 -> -5), marked
A: permanent stasis, dig shafts and tunnels, antennae 3, four strong arms
a: Dig, Shaft Self, Renounce Religion, Receive Corpses


You were on level 8 of the Dungeon.
You worshipped Kikubaaqudgha.
Kikubaaqudgha was aware of your devotion.
You visited 2 branches of the dungeon, and saw 9 of its levels.

You collected 337 gold pieces.
You spent 88 gold pieces at shops.

Inventory:

Hand Weapons
 a - a +0 hunting sling (weapon)
 b - a +2 flail of protection
 d - a +1 hand axe of electrocution
 e - a +1 short sword of venom
Missiles
 h - 48 stones (quivered ammo)
 i - 37 sling bullets
 q - 4 javelins
 v - 4 boomerangs
 x - 93 arrows
 z - 19 poisoned darts
 D - 41 bolts
Armour
 y - a +0 buckler (worn)
 F - a +0 scale mail of fire resistance
 J - a +0 robe (worn)
Magical Staves
 j - a staff of death
 t - a staff of cold
Jewellery
 f - a +6 ring of intelligence (right hand)
 g - a ring of resist corrosion (left hand)
 H - a ring of fire
 N - a ring of flight
Wands
 l - a wand of charming (7)
 K - a wand of polymorph (14)
 L - a wand of iceblast (8)
Scrolls
 c - a scroll of vulnerability {unknown}
 k - a scroll of fear
 o - a scroll of summoning {unknown}
 r - a scroll of acquirement {unknown}
 u - a scroll of noise {unknown}
 w - a scroll of amnesia {unknown}
 B - a scroll of silence {unknown}
 E - 2 scrolls of teleportation {unknown}
 G - 2 scrolls of enchant armour {unknown}
 I - 2 scrolls of identify {unknown}
 M - a scroll of immolation {unknown}
Potions
 m - a potion of might
 n - a potion of attraction {unknown}
 s - a potion of berserk rage {unknown}
 A - a potion of degeneration {unknown}


   Skills:
 * Level 4.4 Fighting
 * Level 4.3 Armour
 - Level 3.0 Dodging
 - Level 2.4 Stealth
 - Level 3.0 Shields
 - Level 7.0 Spellcasting
 - Level 8.3 Conjurations


You had 17 spell levels left.
You knew the following spells:

 Your Spells              Type           Power      Damage    Failure   Level
a - Searing Ray           Conj           100%       2d8       1%          2
c - Magic Dart            Conj           100%       1d8       1%          1
z - Sublimation of Blood  Necr           8%         N/A       12%         2

Your spell library contained the following spells:

 Spells                   Type           Power      Damage    Failure   Level
 Dazzling Flash           Conj/Hex       58%        N/A       4%          3
 Animate Skeleton         Necr           16%        N/A       9%          1
 Apportation              Tloc           16%        N/A       9%          1
 Pain                     Necr           32%        1d5       9%          1
 Fulminant Prism          Conj/Hex       14%        3d9       14%         4
 Iskenderun's Mystic Bla  Conj/Tloc      29%        2d7       14%         4
 Confusing Touch          Hex            8%         N/A       24%         3
 Agony                    Necr           8%         N/A       92%         5
 Alistair's Intoxication  Tmut/Pois      5%         N/A       92%         5
 Yara's Violent Unravell  Hex/Tmut       4%         3d4       92%         5
 Enfeeble                 Hex            4%         N/A       100%        7


Dungeon Overview and Level Annotations

Branches:
Dungeon (8/15)             Temple (1/1) D:5
   Lair: D:8-11

Altars:
Ashenzari
Cheibriados
Dithmenos
Elyvilon
Fedhas
Gozag
Hepliaklqana
Kikubaaqudgha
Makhleb
Nemelex Xobeh
Okawaru
Qazlal
Ru
Sif Muna
Trog
Uskayaw
Vehumet
Wu Jian
Xom
Yredelemnul
Zin
The Shining One

Shops:
D:3 !*

Annotations:
D:6 1 runed translucent door


Innate Abilities, Weirdness & Mutations

You cannot be hasted, slowed, berserked, paralysed or teleported.
You can dig through walls and to a lower floor.
You have a pair of large antennae on your head. (SInv)
Your four strong arms can wield two-handed weapons with a shield.


Message History

The water moccasin bites you!
A steam dragon comes into view.
Your Armour skill increases to level 4!
You feel better.
The sky beast flickers out of sight for a moment.
The water moccasin bites you!
You are poisoned.
The water moccasin poisons you!
You feel much better.
You feel very sick. The water moccasin bites you.
A wight comes into view. It is wielding a +0 long sword.
The gnoll hits you from afar with a +0 spear!
Casting: Searing Ray (safe; 1% risk of failure)
Confirm with . or Enter, or press ? or * to list all spells.
Aiming: Searing Ray (safe; 1% risk of failure)
Press: ? - help, Shift-Dir - straight line, f - gnoll
Aim: a gnoll, wielding a +0 club (heavily wounded, 85% to hit)
The searing ray hits the water moccasin.
The water moccasin is severely wounded.
The searing ray hits the sky beast!
You kill the sky beast!
Kikubaaqudgha accepts your kill.
The searing ray hits the gnoll!
You kill the gnoll!
Kikubaaqudgha accepts your kill.
The searing ray hits the gnoll sergeant!
The gnoll sergeant is moderately wounded. (Press . to maintain the ray.)
You feel sick. The water moccasin bites you!
A steam dragon comes into view.
The gnoll hits you from afar with a +0 spear.
The water moccasin closely misses you.
It was a potion of might.
You feel very mighty all of a sudden.
You feel sick. The water moccasin bites you.
You die...
Kikubaaqudgha rasps: "You have failed me!
Welcome... death!"

......{{.{.......##
.....{.{##{......#
...yg{####.{..z###
....g. #.{.g.#
....g #.{#Dz# (.(..
####g.# ## .(..
#zg# #. .... #S##
#. ##@# #. #..# #'
#..# ##### ###.
#..# ###...# #.).
#..# ###.....###.'.
#..###........#).')
#..##..........###.
#..#.........### #'
#............# #.


You could see a steam dragon, a water moccasin, a gnoll sergeant, 3 wights and 2
gnolls.

Vanquished Creatures
  2 vampire mosquitoes (D:8)
  Menkaure (D:7)
  Edmund (D:4)
  4 sky beasts
  A necrophage (D:7)
  An ogre (D:5)
  A kobold brigand (D:8)
  2 bullfrogs
  A scorpion (D:5)
  A water moccasin skeleton (D:6)
  7 killer bees (D:8)
  3 bullfrog zombies
  A centaur zombie (D:6)
  2 hounds
  2 jellies
  A gnoll shaman (D:6)
  3 orc priests (D:5)
  A centaur skeleton (D:7)
  Terence (D:3)
  3 iguanas
  2 orc wizards
  13 gnolls
  2 howler monkey skeletons
  13 adders
  A shadow imp (D:6)
  A white imp (D:5)
  An ufetubus (D:5)
  3 dart slugs
  A worm (D:5)
  9 orcs
  7 ball pythons
  7 bats
  An endoplasm (D:3)
  5 giant cockroaches
  9 goblins
  4 hobgoblins (D:1)
  4 jackals
  3 quokkas
  5 frilled lizards
  8 kobolds
  6 rats
144 creatures vanquished.

Notes
Turn   | Place    | Note
-------+----------+-------------------------------------------
     0 | D:1      | DildoBatman the Formicid Conjurer began the quest for the
                  | Orb.
     0 | D:1      | Reached XP level 1. HP: 13/13 MP: 3/3
   302 | D:1      | Reached XP level 2. HP: 19/19 MP: 1/5
   305 | D:1      | Learned a level 2 spell: Searing Ray
   364 | D:1      | Reached skill level 4 in Conjurations
   667 | D:1      | Reached XP level 3. HP: 23/24 MP: 3/6
  1322 | D:2      | Reached XP level 4. HP: 26/30 MP: 1/7
  1872 | D:3      | Reached skill level 5 in Conjurations
  1934 | D:3      | Found Yduum's Distillery.
  1991 | D:3      | Found Axtiuss's Assorted Antiques.
  2098 | D:3      | Found a faded altar of an unknown god.
  2206 | D:3      | Found a glowing silver altar of Zin.
  2219 | D:3      | Noticed Terence
  2260 | D:3      | Found an opulent altar of Gozag.
  2496 | D:3      | Reached XP level 5. HP: 27/35 MP: 4/8
  2500 | D:3      | Reached skill level 1 in Shields
  2905 | D:3      | Bought a dark potion for 27 gold pieces
  2905 | D:3      | Bought a scroll labelled XUIHYA SOLEPH for 31 gold pieces
  2942 | D:3      | Bought a potion of curing for 30 gold pieces
  3092 | D:4      | Reached XP level 6. HP: 37/41 MP: 6/9
  3199 | D:4      | Reached skill level 6 in Conjurations
  3440 | D:4      | Reached skill level 1 in Fighting
  3440 | D:4      | Reached skill level 1 in Armour
  3679 | D:5      | Entered Level 5 of the Dungeon
  3903 | D:5      | Found a staircase to the Ecumenical Temple.
  3912 | Temple   | Entered the Ecumenical Temple
  4087 | Temple   | Became a worshipper of Kikubaaqudgha
  4131 | D:5      | Noticed an ogre
  4141 | D:5      | Killed an ogre
  4142 | D:5      | Reached XP level 7. HP: 50/50 MP: 3/10
  4267 | D:3      | Killed Terence
  4565 | D:5      | Reached skill level 7 in Conjurations
  4733 | D:5      | Reached XP level 8. HP: 56/56 MP: 5/11
  4915 | D:5      | Noticed Edmund
  4976 | D:4      | Killed Edmund
  4977 | D:4      | Reached skill level 8 in Conjurations
  5263 | D:6      | Found a runed translucent door.
  6254 | D:7      | Reached skill level 5 in Spellcasting
  6291 | D:7      | Reached XP level 9. HP: 53/61 MP: 8/17
  6379 | D:7      | Noticed Menkaure
  6395 | D:7      | Killed Menkaure
  6404 | D:7      | Found a stormy altar of Qazlal.
  7183 | D:8      | Found a shadowy altar of Dithmenos.
  7188 | D:8      | Found a white marble altar of Elyvilon.
  7196 | D:8      | Reached * piety under Kikubaaqudgha
  7196 | D:8      | Received a gift from Kikubaaqudgha
  7256 | D:8      | Learned a level 2 spell: Sublimation of Blood
  7294 | D:8      | Slain by a water moccasin

Illustrated notes

Levels and vault maps discovered:
D:1:      dpeg_arrival_central, layout_basic
D:2:      layout_basic
D:3:      layout_loops_cross, mainiacjoe_overflow_alcove_1,
          mainiacjoe_overflow_boulevard, hellmonk_ecumenical_altar_zigzags,
          serial_shops, shop_coins, shop, kennysheep_small_spiral, uniq_terence
D:4:      layout_basic
D:5:      layout_loops_ring, minmay_temple_entry_water_ring, uniq_edmund
D:6:      layout_loops_ring, lightli_church_of_beogh
D:7:      layout_basic, nicolae_overflow_crystal_walls, uniq_menkaure
D:8:      layout_cave_pods, mainiacjoe_overflow_big_doors, minmay_ruined_shrine
Temple:   minmay_crystal_spiral_temple

Skill      XL: |  1  2  3  4  5  6  7  8  9 |
---------------+----------------------------+-----
Conjurations   | 4 5 6 7 8 |  8.3
Shields        | 2 3 |  3.0
Fighting       | 2 4 |  4.4
Armour         | 2 4 |  4.3
Spellcasting   | 5 7 |  7.0
Dodging        | 3 |  3.0
Stealth        | |  2.4

Action                   |  1- 3 |  4- 6 |  7- 9 || total
-------------------------+-------+-------+-------++-------
Melee: Whip              |    16 |       |       ||    16
       Short sword       |       |       |     5 ||     5
 Fire: Hunting sling     |    13 |    81 |   105 ||   199
 Cast: Magic Dart        |    43 |    42 |    25 ||   110
       Searing Ray       |     5 |    11 |    42 ||    58
  Use: Scroll            |       |     2 |       ||     2
       Potion            |       |       |     3 ||     3
Armor: Robe              |     4 |     3 |     4 ||    11
Dodge: Dodged            |    16 |    24 |    37 ||    77
Block: Buckler           |       |     3 |    13 ||    16
